 Dungeon Crawl Stone Soup version 0.24-a0-230-g536ed4e (webtiles) character file.

Game seed: 2245157113076736256

445 Gunnerkreig the Sneak (level 7, -4/43 HPs)
             Began as an Octopode Wizard on Apr 2, 2019.
             Killed from afar by an orc wizard (11 damage)
             ... with a magic dart
             ... on level 4 of the Dungeon.
             The game lasted 00:11:45 (5168 turns).

Gunnerkreig the Sneak (Octopode Wizard)             Turns: 5168, Time: 00:11:46

Health: -4/43      AC:  1    Str:  7    XL:     7   Next: 3%
Magic:  5/11       EV: 13    Int: 21    God:
Gold:   240        SH:  0    Dex: 11    Spells: 3/12 levels left

rFire    . . .     SeeInvis .   n - +3 dagger
rCold    . . .     Gourm    .   (no shield)
rNeg     . . .     Faith    .   a - +0 hat
rPois    .         Spirit   .   p - amulet of inaccuracy (curse)
rElec    .         Reflect  .   (no ring)
rCorr    .         Harm     .   (no ring)
MR       .....                  (no ring)
Stlth    ++++......             (no ring)
HPRegen  0.14/turn              (no ring)
MPRegen  0.12/turn              (no ring)
                                (no ring)
                                (no ring)

@: slowed, very slow
A: almost no armour, stealthy swim, amphibious, 8 rings, constrict 8, camouflage
1, gelatinous body 1
a: no special abilities


You were on level 4 of the Dungeon.
You were hungry.

You visited 1 branch of the dungeon, and saw 4 of its levels.
You also visited: Sewer.

You collected 240 gold pieces.

Inventory:

Hand Weapons
 h - a +0 falchion
 n - a +3 dagger (weapon)
Missiles
 f - 28 stones (quivered)
Armour
 a - a +0 hat (worn)
Jewellery
 i - an uncursed ring of ice
 p - a cursed amulet of inaccuracy (around mantle)
Scrolls
 g - 3 scrolls of teleportation
 k - a scroll of blinking
 l - a scroll of magic mapping
Potions
 b - 4 potions of flight
 d - 3 potions of might {unknown}
 e - 5 potions of curing {unknown}
 j - 2 potions of magic {unknown}
 m - 2 potions of haste {unknown}
 o - a potion of invisibility {unknown}
 r - a potion of brilliance {unknown}
Comestibles
 c - 3 rations


   Skills:
 + Level 1.0 Fighting
 - Level 2.0 Dodging
 - Level 5.3 Stealth
 - Level 3.0 Spellcasting
 - Level 5.3 Conjurations
 + Level 1.6 Summonings
   Level 1.0 Translocations
 + Level 1.0 Fire Magic
 + Level 1.0 Air Magic
 + Level 1.2 Poison Magic


You had 3 spell levels left.
You knew the following spells:

 Your Spells              Type           Power        Failure   Level  Hunger
a - Magic Dart            Conj           ####         1%          1    None
b - Conjure Flame         Conj/Fire      ###.....     11%         3    ###....
c - Mephitic Cloud        Conj/Pois/Air  ##......     14%         3    ###....
d - Call Imp              Summ           #.......     11%         2    ##.....

Your spell library contained the following spells:

 Spells                   Type           Power        Failure   Level  Hunger
 Blink                    Tloc           N/A          13%         2    ##.....
 Slow                     Hex            #.......     21%         2    ##.....


Dungeon Overview and Level Annotations

Branches:
Dungeon (4/15)
 Temple: D:4-7

Altars:
Elyvilon
Nemelex Xobeh
Okawaru
Uskayaw
Yredelemnul


Innate Abilities, Weirdness & Mutations

You cannot wear most types of armour.
You are very stealthy in the water. (Stealth+)
You are amphibious.
You can wear up to eight rings at the same time.
You can use your tentacles to constrict eight enemies at once.
Your skin changes colour to match your surroundings (Stealth+).
Your rubbery body absorbs attacks. (AC +1, EV +1)


Message History

Casting: Magic Dart (safe; 1% risk of failure)
Confirm with . or Enter, or press ? or * to list all spells.
Aiming: Magic Dart (safe; 1% risk of failure)
Press: ? - help, Shift-Dir - straight line, f - orc wizard
Aim: an orc wizard, wielding a +0 dagger and wearing a +0 robe (moderately wounded, constricted by you)
The magic dart hits the orc wizard but does no damage.
The orc wizard is moderately wounded.
You constrict the orc wizard.
The orc wizard hits you but does no damage.
Casting: Magic Dart (safe; 1% risk of failure)
Confirm with . or Enter, or press ? or * to list all spells.
Aiming: Magic Dart (safe; 1% risk of failure)
Press: ? - help, Shift-Dir - straight line, f/p - orc wizard
Aim: an orc wizard, wielding a +0 dagger and wearing a +0 robe (heavily wounded, constricted by you)
The magic dart hits the orc wizard.
The orc wizard is severely wounded.
You constrict the orc wizard. The orc wizard casts a spell at you.
The magic dart hits you!
You die...

###..<##.#...
#....###.#..
#.#......#.#+#
#.########.#.#######
#...................
###.####.#.#.#######
#....<#)#.#.#
#..#..#.#.#.#
#.....#.#.#@#
#.....#....)o...#
#....##.###.###.#
...>.(.... ...
###.##### ### .. #.


You could see an orc wizard.

Vanquished Creatures
  3 big kobolds (Sewer)
  An orc wizard (D:4)
  8 adders
  A river rat (D:3)
  5 oozes (Sewer)
  3 dart slugs (D:1)
  5 worms
  2 leopard geckos
  An orc (D:4)
  2 ball pythons (Sewer)
  2 bats (D:1)
  4 giant cockroaches
  6 goblins
  5 hobgoblins
  7 jackals (D:1)
  14 kobolds
  4 frilled lizards
  13 rats
86 creatures vanquished.

Vanquished Creatures (collateral kills)
  Terence (D:2)
1 creature vanquished.

Vanquished Creatures (others)
  4 toadstools (D:1)
4 creatures vanquished.

Grand Total: 91 creatures vanquished

Notes
Turn   | Place    | Note
-------+----------+-------------------------------------------
     0 | D:1      | Gunnerkreig the Octopode Wizard began the quest for the
                  | Orb.
     0 | D:1      | Reached XP level 1. HP: 11/11 MP: 4/4
   458 | D:1      | Reached XP level 2. HP: 17/17 MP: 4/6
   908 | D:1      | Reached XP level 3. HP: 20/21 MP: 1/7
  1993 | D:2      | Found a white marble altar of Elyvilon.
  2512 | D:2      | Found a sparkling altar of Nemelex Xobeh.
  2576 | D:2      | Reached XP level 4. HP: 27/27 MP: 2/8
  2657 | D:2      | Noticed Terence
  2663 | D:2      | Learned a level 3 spell: Conjure Flame
  2667 | D:2      | Learned a level 3 spell: Mephitic Cloud
  2670 | D:2      | Learned a level 2 spell: Call Imp
  2677 | D:2      | Killed Terence
  3388 | D:3      | Reached XP level 5. HP: 21/31 MP: 3/9
  3577 | D:3      | Found a glowing drain.
  3581 | Sewer    | Entered a sewer
  3789 | Sewer    | Noticed a big kobold
  3842 | Sewer    | Killed a big kobold
  3842 | Sewer    | Reached skill level 5 in Stealth
  3842 | Sewer    | Reached XP level 6. HP: 36/36 MP: 0/10
  4138 | Sewer    | Reached skill level 5 in Conjurations
  4363 | D:3      | Found a faded altar of an unknown god.
  4376 | D:3      | Found a basalt altar of Yredelemnul.
  4407 | D:3      | Found a hide-covered altar of Uskayaw.
  4589 | D:3      | Reached skill level 1 in Poison Magic
  4592 | D:3      | Found an iron altar of Okawaru.
  5161 | D:4      | Reached skill level 1 in Fighting
  5161 | D:4      | Reached skill level 1 in Fire Magic
  5161 | D:4      | Reached skill level 1 in Air Magic
  5161 | D:4      | Reached XP level 7. HP: 33/43 MP: 6/11
  5168 | D:4      | Killed from afar by an orc wizard

Levels and vault maps discovered:
D:1:      lemuel_arrival_behind_the_door_large, layout_basic,
          minmay_gold_behind_fungi, minmay_misc_feat_encased
D:2:      layout_basic, nemelex_xobeh_ov_fountains_minmay, serial_forest,
          infiniplex_forest_pool, infiniplex_forest_diagonal,
          infiniplex_forest_3_way, infiniplex_forest_lined_ring,
          infiniplex_forest_clump_large, infiniplex_forest_straight_3,
          infiniplex_forest_clump_curved, elyvilon_altar_5, uniq_terence
D:3:      layout_basic, lemuel_crystal_altar, okawaru_gym_becter,
          yredelemnul_altar_generic, first_ration, gup_sewer_entry_spiral,
          chequers_ecumenical_altar_simple
D:4:      layout_basic, old_standard_altar, kennysheep_mini
Sewer:    sewer_co_15_rooms

Skill      XL: |  1  2  3  4  5  6 |
---------------+-------------------+-----
Stealth        | 3 4 5 |  5.3
Conjurations   | 2 3 4 5 |  5.3
Poison Magic   | 1 |  1.2
Fighting       | 1 |  1.0
Fire Magic     | 1 |  1.0
Air Magic      | 1 |  1.0
Dodging        | |  2.0
Spellcasting   | |  3.0
Summonings     | |  1.6
Translocations | |  1.0

Action                   |  1- 3 |  4- 6 |  7- 9 || total
-------------------------+-------+-------+-------++-------
Melee: Whip              |    24 |       |       ||    24
       Constrict         |     5 |     5 |     1 ||    11
       Tentacles         |     2 |     2 |     1 ||     5
       Unarmed           |     1 |       |       ||     1
       Falchion          |       |    14 |       ||    14
       Dagger            |       |    27 |     5 ||    32
Throw: Stone             |       |    36 |       ||    36
 Cast: Magic Dart        |    98 |   123 |     2 ||   223
       Call Imp          |       |     2 |       ||     2
       Mephitic Cloud    |       |     1 |       ||     1
  Use: Scroll            |     3 |     6 |       ||     9
  Eat: Chunk             |     2 |     7 |       ||     9
       Ration            |     1 |       |       ||     1
Armor: Skin              |     2 |     1 |       ||     3
Dodge: Dodged            |    24 |    33 |     2 ||    59
       Rpst.: Falchion   |       |     4 |       ||     4

Table legend:
 A = Non-vault XP
 B = Vault XP
 C = Vault XP percentage of total XP
 D = Non-vault monster count
 E = Vault monster count
 F = Vault count percentage of total count
                 A         B        C        D         E       F
            +---------+---------+-------+---------+---------+-------
      Total |     216 |     420 |  66.0 |      59 |      28 |  32.2
            +---------+---------+-------+---------+---------+-------
        D:1 |      61 |       0 |   0.0 |      31 |       0 |   0.0
        D:2 |      50 |      25 |  33.3 |      14 |       1 |   6.7
        D:3 |      62 |      45 |  42.1 |      12 |       6 |  33.3
        D:4 |      43 |       0 |   0.0 |       2 |       0 |   0.0
      Sewer |       0 |     350 | 100.0 |       0 |      21 | 100.0
            +---------+---------+-------+---------+---------+-------
